 Dungeon Crawl Stone Soup version 0.26.0-3-g156281e41b (webtiles) character file.

Game seed: 7726689882292611097

121 trckry the Cudgeller (level 4, -2/35 HPs)
             Began as a Demonspawn Monk on Jan 10, 2021.
             Killed from afar by an orc wizard (6 damage)
             ... with a puff of frost
             ... on level 6 of the Dungeon.
             The game lasted 00:05:33 (2606 turns).

trckry the Cudgeller (Demonspawn Monk)              Turns: 2606, Time: 00:05:34

Health: -2/35      AC: 10    Str: 18    XL:     4   Next: 76%
Magic:  0/5        EV:  6    Int: 12    God:
Gold:   90         SH:  8    Dex: 15    Spells: 3/3 levels left

rFire    . . .     SeeInvis .   a - +0 mace
rCold    . . .     Faith    .   k - +0 kite shield
rNeg     . . .     Spirit   +   n - +0 chain mail
rPois    .         Reflect  .   j - +0 helmet (curse)
rElec    .         Harm     .   (no cloak)
rCorr    .         Rampage  .   (no gloves)
Will     .....                  l - +0 pair of boots
Stlth    ..........             (no amulet)
HPRegen  0.11/turn              c - +6 ring of strength
MPRegen  0.09/turn              (no ring)

@: no status effects
A: magic shield, sturdy frame 1
a: no special abilities


You were on level 6 of the Dungeon.
You visited 1 branch of the dungeon, and saw 4 of its levels.

You collected 90 gold pieces.

Inventory:

Hand Weapons
 a - a +0 mace (weapon)
Missiles
 d - 12 poisoned darts (quivered)
Armour
 j - a cursed +0 helmet (worn)
 k - a +0 kite shield (worn)
 l - a +0 pair of boots (worn)
 n - a +0 chain mail (worn)
Jewellery
 c - a +6 ring of strength (left hand)
Scrolls
 b - 2 scrolls of immolation {unknown}
 h - a scroll of enchant weapon {unknown}
 i - a scroll of magic mapping {unknown}
 m - 2 scrolls of identify {unknown}
 o - a scroll of remove curse {unknown}
Potions
 e - a potion of ambrosia {unknown}
 f - 2 potions of flight {unknown}
 g - 2 potions of curing {unknown}
 p - a potion of lignification {unknown}
 q - a potion of berserk rage {unknown}


   Skills:
 + Level 3.4 Fighting
 * Level 3.6 Maces & Flails
 + Level 1.4 Throwing
 + Level 1.2 Armour
 - Level 2.6 Dodging
 - Level 1.7 Stealth
 + Level 0.5 Shields
 * Level 1.9 Invocations


You had 3 spell levels left.
You didn't know any spells.
Your spell library was empty.

Dungeon Overview and Level Annotations

Branches:
Dungeon (3/15)

Altars:

Shops:
D:6 *


Innate Abilities, Weirdness & Mutations

When hurt, damage is shared between your health and your magic reserves.
Your movements are slightly less encumbered by armour. (ER -2)


Message History

You throw a poisoned dart. The poisoned dart hits the ogre.
The ogre is poisoned.
The ogre is heavily wounded.
The ogre barely misses you.
You hear some strange, mumbled words.
A puff of frost appears from out of thin air!
The puff of frost hits you but does no damage.
Throw: 13 darts (poison)
Press: ? - help, Q - select action Shift-Dir - straight line, f/p - ogre
Aim: an ogre, wielding a +0 giant spiked club (heavily wounded, poisoned)
You throw a poisoned dart. The poisoned dart hits the ogre.
The ogre looks even sicker.
The ogre is heavily wounded.
The ogre hits you with a +0 giant spiked club!!
Ouch! That really hurt!
* * * LOW HITPOINT WARNING * * *
You hear some strange, mumbled words.
A puff of frost appears from out of thin air!
The puff of frost hits you!
You die...

##⌠.⌠.......##...
##..∩..)..........
#####..⌠)†#.........#
###......)#####......#
........(...### #......#
....#.......5.#
#..5..##.. ...
#..(.((..O####........ .
.....#.####..###.....>..
...###.. #.{@..........
#... ..# #.............
#... .###
#...#.......... .#
#.#####........ #.
..###.... .. ..# ...#
.#. ..# ..# .# #.


You could see an ogre (very poisoned) and a shadow imp.

Vanquished Creatures
  A bullfrog zombie (D:6)
  A gnoll (D:2)
  2 adders (D:2)
  A worm (D:2)
  2 leopard geckos
  3 orcs (D:6)
  3 ball pythons
  A giant cockroach (D:2)
  A goblin (D:2)
  6 hobgoblins (D:1)
  9 jackals
  5 kobolds
  A quokka (D:2)
  6 bats
  A frilled lizard (D:1)
  7 rats
50 creatures vanquished.

Notes
Turn   | Place    | Note
-------+----------+-------------------------------------------
     0 | D:1      | trckry the Demonspawn Monk began the quest for the Orb.
     0 | D:1      | Reached XP level 1. HP: 18/18 MP: 1/1
   693 | D:1      | Gained mutation: Your movements are slightly less
                  | encumbered by armour. (ER -2) [demonic ancestry]
   693 | D:1      | Reached XP level 2. HP: 24/24 MP: 2/2
  1334 | D:2      | Reached XP level 3. HP: 26/29 MP: 3/3
  1428 | D:2      | Reached skill level 1 in Throwing
  1428 | D:2      | Reached skill level 1 in Armour
  2250 | D:2      | Reached skill level 1 in Invocations
  2300 | D:2      | Gained mutation: When hurt, damage is shared between your
                  | health and your magic reserves. [demonic ancestry]
  2300 | D:2      | Reached XP level 4. HP: 34/35 MP: 4/4
  2501 | D:3      | You fall into a shaft and drop 3 floors!
  2501 | D:6      | Found Govareu's Assorted Antiques.
  2578 | D:6      | Noticed an ogre
  2606 | D:6      | Killed from afar by an orc wizard

Illustrated notes

Levels and vault maps discovered:
D:1:      dpeg_arrival_brainrot, layout_loops_ring, hangedman_decor_peaks_small,
          hangedman_abyss_or_decor_stabs, st_stairs_6
D:2:      layout_basic, cheibrodos_gnoll_hut
D:3:      wad_river_or_something, layout_basic,
          hangedman_abyss_or_decor_lesser_grid
D:6:      minmay_opposing_rooms, layout_cave_pools, serial_shops, shop_fountains

Skill      XL: |  1  2  3 |
---------------+----------+-----
Maces & Flails | 3 |  3.6
Throwing       | 1 |  1.4
Armour         | 1 |  1.2
Invocations    | 1 |  1.9
Fighting       | |  3.4
Dodging        | |  2.6
Stealth        | |  1.7
Shields        | |  0.5

Action                   |  1- 3 |  4- 6 || total
-------------------------+-------+-------++-------
Melee: Mace              |   131 |    46 ||   177
Throw: Dart              |    11 |     7 ||    18
 Stab: Sleeping          |     3 |       ||     3
Armor: Robe              |     2 |       ||     2
       Leather armour    |    27 |       ||    27
       Chain mail        |     9 |    22 ||    31
Dodge: Dodged            |    72 |    14 ||    86
Block: Kite shield       |    32 |    26 ||    58
